 Dungeon Crawl Stone Soup version 0.28.0-53-g5a82cb258f (webtiles) character file.

Game seed: 3837567126529607808

3235 Jerry the Skirmisher (level 9, -2/45 HPs)
             Began as a Vine Stalker Fighter on July 30, 2022.
             Was a Follower of Uskayaw.
             Killed from afar by a manticore (13 damage)
             ... with a volley of spikes
             ... on level 7 of the Dungeon.
             The game lasted 00:21:33 (6589 turns).

Jerry the Skirmisher (Vine Stalker Fighter)         Turns: 6589, Time: 00:21:34

Health: -2/45      AC: 12    Str: 21    XL:     9   Next: 98%
Magic:  0/10       EV: 10    Int:  6    God:    Uskayaw [*.....]
Gold:   383        SH:  6    Dex: 18    Spells: 8/8 levels left

rFire   . . .      SeeInvis .   b - +7 quick blade
rCold   + . .      Faith    +   c - +0 buckler
rNeg    + . .      Spirit   +   x - +2 ring mail {rC+}
rPois   .          Reflect  .   (no helmet)
rElec   .          Harm     .   n - +0 cloak
rCorr   .          Rampage  .   p - +0 pair of gloves
Will    ++...                   i - +0 pair of boots
Stlth   +.........              v - amulet of faith
HPRegen 0.95/turn               m - ring of positive energy
MPRegen 0.12/turn               u - ring of flight

@: spiked, flying
A: fangs 3, regeneration 1, magic shield, antimagic bite, no potion heal 2,
claws 1, dopey 1, frail 1, strong-willed 1, strong 1
a: Renounce Religion, Stomp


You were on level 7 of the Dungeon.
You worshipped Uskayaw.
Uskayaw was noncommittal.
You visited 2 branches of the dungeon, and saw 10 of its levels.

You collected 383 gold pieces.

Inventory:

Hand Weapons
 b - a +7 quick blade (weapon)
Missiles
 t - a throwing net (quivered)
Armour
 c - a +0 buckler (worn)
 i - a +0 pair of boots (worn)
 n - a +0 cloak (worn)
 p - a +0 pair of gloves (worn)
 x - a +2 ring mail of cold resistance (worn)
Jewellery
 m - a ring of positive energy (left hand)
 u - a ring of flight (right hand)
 v - an amulet of faith (around neck)
Wands
 a - a wand of charming (12)
Scrolls
 d - a scroll of enchant armour
 h - 2 scrolls of identify
 k - 4 scrolls of teleportation
 w - a scroll of fog
Potions
 e - 3 potions of curing
 f - a potion of cancellation
 g - a potion of ambrosia
 j - a potion of might


   Skills:
 + Level 7.4 Fighting
 + Level 7.0 Short Blades
 + Level 6.6 Armour
 - Level 5.0 Shields


You had 8 spell levels left.
You didn't know any spells.
Your spell library contained the following spells:

 Spells                   Type           Power      Damage    Failure   Level
 Static Discharge         Conj/Air       0%         N/A       83%         2
 Gell's Gravitas          Tloc           0%         N/A       96%         3
 Ignite Poison            Fire/Tmut/Pois 0%         N/A       96%         3
 Mephitic Cloud           Conj/Pois/Air  0%         N/A       96%         3
 Teleport Other           Tloc           0%         N/A       96%         3
 Dispel Undead            Necr           0%         3d6       100%        4
 Sticky Flame             Conj/Fire      0%         2d3       100%        4
 Freezing Cloud           Conj/Ice/Air   0%         6-21      100%        5
 Dispersal                Tloc           0%         N/A       100%        6


Dungeon Overview and Level Annotations

Branches:
Dungeon (9/15)             Temple (1/1) D:6
   Lair: D:8-11         Orc: D:9-12

Altars:
Ashenzari
Cheibriados
Elyvilon
Fedhas
Hepliaklqana
Kikubaaqudgha
Makhleb
Okawaru
Qazlal
Ru
Sif Muna
Trog
Uskayaw
Vehumet
Wu Jian
Xom
Zin
The Shining One

Shops:
D:1 =   D:4 [   D:6 (


Innate Abilities, Weirdness & Mutations

You have razor-sharp teeth.
Your natural rate of healing is unusually fast.
When hurt, damage is shared between your health and your magic reserves.
Your bite disrupts and absorbs the magic of your enemies.
Potions cannot restore your health.
You have sharp fingernails.
You are dopey. (Int -2)
You are frail. (-10% HP)
You are strong-willed. (Will+)
Your muscles are strong. (Str +2)


Message History

You puncture the steam dragon!
The steam dragon is moderately wounded.
You can now pass through a line of other dancers.
You hit the steam dragon.
You bite the steam dragon, but do no damage.
The steam dragon is heavily wounded.
The steam dragon bites you but does no damage.
The steam dragon barely misses you.
You puncture the steam dragon! Your bite misses the steam dragon.
The steam dragon is severely wounded.
Uskayaw will force your foes to helplessly watch your dance.
Uskayaw prepares the audience for your solo!
The helpless steam dragon fails to defend itself.
You puncture the steam dragon!
You kill the steam dragon!
Your Short Blades skill increases to level 7!
No target in view!
You now have 383 gold pieces (gained 24).
Things that are here:
a +2 dagger of venom; a +0 robe A manticore comes into view.
The manticore flicks its tail.
The volley of spikes hits you!
The barbed spikes become lodged in your body.
The manticore flicks its tail.
The volley of spikes hits you!
The barbed spikes become lodged in your body.
The manticore flicks its tail.
You block the volley of spikes.
The manticore flicks its tail.
The volley of spikes hits you!
The barbed spikes become lodged in your body.
The manticore flicks its tail.
The volley of spikes hits you!
The barbed spikes become lodged in your body.
* * * LOW HITPOINT WARNING * * *
The manticore flicks its tail.
The volley of spikes hits you!
The barbed spikes become lodged in your body.
You die...

#.................+
########..........#
#....####### #....#
#....# #....#
#....# #....#
#.@..# #....#
#....# ..H....
#........
#..........
#..........
#........##


You could see a manticore.

Vanquished Creatures
  A kobold demonologist (D:9)
  A troll (D:5)
  A steam dragon (D:7)
  An acid dragon (D:8)
  A water moccasin (D:6)
  A hornet zombie (D:7)
  2 ice beasts (D:6)
  2 orc warriors
  A sky beast (D:6)
  A black bear (D:7)
  3 ogres
  6 scorpions
  5 killer bees (D:8)
  2 centaur zombies
  4 hounds
  A jelly (D:6)
  Crazy Yiuf (D:6)
  A centaur skeleton (D:6)
  2 orc priests
  A bullfrog skeleton (D:6)
  2 iguanas (D:6)
  5 orc wizards
  2 killer bee zombies
  A howler monkey zombie (D:7)
  6 adders
  2 river rats (D:6)
  5 gnolls
  A white imp (D:6)
  3 ufetubi (D:5)
  2 dart slugs
  6 worms
  16 orcs
  16 endoplasms
  4 giant cockroaches
  6 goblins
  8 hobgoblins
  9 jackals
  5 ball pythons
  4 bats
  7 kobolds
  8 rats
156 creatures vanquished.

Vanquished Creatures (collateral kills)
  3 orc priests (D:6)
3 creatures vanquished.

Grand Total: 159 creatures vanquished

Notes
Turn   | Place    | Note
-------+----------+-------------------------------------------
     0 | D:1      | Jerry the Vine Stalker Fighter began the quest for the Orb.
     0 | D:1      | Reached XP level 1. HP: 11/11 MP: 2/2
   328 | D:1      | Reached XP level 2. HP: 14/16 MP: 1/3
   533 | D:1      | Found Qeicwume's Jewellery Shop.
   693 | D:1      | Reached XP level 3. HP: 17/20 MP: 4/4
  1762 | D:2      | Gained mutation: Your natural rate of healing is unusually
                  | fast. [Vine Stalker growth]
  1762 | D:2      | Reached XP level 4. HP: 5/24 MP: 1/5
  2309 | D:3      | Found an ornate altar of the Wu Jian Council.
  2361 | D:3      | Noticed a great orb of eyes
  2363 | D:3      | Found a faded altar of an unknown god.
  2364 | D:3      | Noticed a golden eye
  2364 | D:3      | Noticed a floating eye
  2364 | D:3      | Noticed an eye of devastation
  2400 | D:3      | Found a large runed translucent door.
  2401 | D:3      | Found a large runed translucent door.
  2459 | D:3      | Found a white marble altar of Elyvilon.
  2912 | D:3      | Found a broken altar of Ashenzari.
  2923 | D:3      | Found a sacrificial altar of Ru.
  3002 | D:4      | Reached XP level 5. HP: 26/28 MP: 4/6
  3168 | D:4      | Found a stormy altar of Qazlal.
  3229 | D:4      | Found Jameuh's Armour Emporium.
  3328 | D:3      | Reached XP level 6. HP: 6/33 MP: 3/7
  3379 | D:4      | Found an iron altar of Okawaru.
  3379 | D:4      | Found a glowing golden altar of the Shining One.
  3576 | D:5      | Entered Level 5 of the Dungeon
  3642 | D:5      | Identified a scroll of acquirement
  3642 | D:5      | Acquired a +5 quick blade
  3710 | D:5      | Reached XP level 7. HP: 17/37 MP: 3/8
  3815 | D:5      | Gained mutation: Your spells are a little harder to cast,
                  | but a little more powerful. [potion of mutation]
  3815 | D:5      | Gained mutation: You tend to lose your temper in combat.
                  | [potion of mutation]
  3815 | D:5      | Gained mutation: You have hidden genetic potential. [potion
                  | of mutation]
  3820 | D:5      | Lost mutation: Your spells are a little harder to cast, but
                  | a little more powerful. [potion of mutation]
  3820 | D:5      | Lost mutation: You tend to lose your temper in combat.
                  | [potion of mutation]
  3820 | D:5      | Gained mutation: You are dopey. (Int -2) [potion of
                  | mutation]
  3820 | D:5      | Gained mutation: You have sharp fingernails. [potion of
                  | mutation]
  3820 | D:5      | Gained mutation: You are frail. (-10% HP) [potion of
                  | mutation]
  4084 | D:5      | Found a blossoming altar of Fedhas.
  4496 | D:6      | You are sucked into a shaft and drop 3 floors!
  4496 | D:9      | Noticed a kobold demonologist
  4507 | D:9      | Killed a kobold demonologist
  4508 | D:9      | Gained mutation: You have razor-sharp teeth. [Vine Stalker
                  | growth]
  4508 | D:9      | Reached XP level 8. HP: 33/37 MP: 9/9
  4522 | D:9      | Gained mutation: You are strong-willed. (Will+) [hidden
                  | potential]
  4638 | D:8      | Identified the +1 leather armour of Qesaenwi {rPois rF+
                  | rN+}
  4653 | D:8      | Reached skill level 5 in Fighting
  4653 | D:8      | Reached skill level 5 in Shields
  4765 | D:7      | Reached skill level 5 in Short Blades
  4765 | D:7      | Reached skill level 5 in Armour
  4987 | D:6      | Found a staircase to the Ecumenical Temple.
  4991 | D:6      | Reached XP level 9. HP: 43/43 MP: 10/10
  5001 | Temple   | Entered the Ecumenical Temple
  5008 | Temple   | Gained mutation: Your muscles are strong. (Str +2) [hidden
                  | potential]
  5008 | Temple   | Lost mutation: You have hidden genetic potential. [hidden
                  | potential expressed]
  5269 | Temple   | Became a worshipper of Uskayaw the Reveller
  5283 | D:6      | Reached * piety under Uskayaw
  5349 | D:6      | Reached ** piety under Uskayaw
  5407 | D:6      | Reached *** piety under Uskayaw
  5437 | D:6      | Found Rule's Weapon Emporium.
  5461 | D:6      | Found an ancient bone altar of Kikubaaqudgha.
  5506 | D:6      | Found a runed translucent door.
  5507 | D:6      | Noticed Crazy Yiuf
  5514 | D:6      | Killed Crazy Yiuf
  5662 | D:6      | Reached **** piety under Uskayaw
  5675 | D:6      | Reached ***** piety under Uskayaw
  5678 | D:6      | Noticed a boulder beetle
  5689 | D:6      | Noticed a troll
  5916 | D:5      | Killed a troll
  6582 | D:7      | Noticed a manticore
  6589 | D:7      | Killed from afar by a manticore

Illustrated notes

Levels and vault maps discovered:
D:1:      elethiomel_arrival_maze, layout_basic, serial_shops, shop,
          hangedman_glass_teeth, minmay_tripent
D:2:      layout_basic, minmay_vboxes
D:3:      layout_basic, nicolae_overflow_hidden_temple,
          mainiacjoe_overflow_catwalk, jmf_multi_god_temple2,
          hellmonk_ecumenical_altar_watching_god
D:4:      layout_cave_pools, chequers_temple_overflow_statue_of_worship,
          mainiacjoe_overflow_surrounded_room, serial_shops,
          nicolae_shop_behind_doors, wad_floor_pattern_untrapped
D:5:      layout_gridville, fedhas_altar_4
D:6:      layout_loops_ring, kennysheep_mini_moat,
          minmay_temple_entry_stoned_glass, serial_shops, kennysheep_little_box,
          lightli_sewer_entry_pipes, grunt_potential, uniq_crazy_yiuf_cottage
D:7:      layout_basic
D:8:      layout_rooms, minmay_manual_macuahuitl, uniq_grum
D:9:      layout_basic, mainiacjoe_overflow_six_doors_small, orc_0_dummy
Temple:   compressed_dpeg_triangle_lava_temple

Skill      XL: |  1  2  3  4  5  6  7  8  9 |
---------------+----------------------------+-----
Short Blades   | 2 3 4 5 7 |  7.0
Shields        | 3 4 5 |  5.0
Fighting       | 3 4 6 7 |  7.4
Armour         | 3 4 5 6 |  6.6

Action                   |  1- 3 |  4- 6 |  7- 9 || total
-------------------------+-------+-------+-------++-------
Melee: Rapier            |   102 |    63 |       ||   165
       Bite              |    16 |    35 |   109 ||   160
       Dagger            |       |    76 |       ||    76
       Quick blade       |       |    10 |   321 ||   331
Evoke: Wand              |       |       |     3 ||     3
  Use: Scroll            |     3 |     6 |     7 ||    16
       Potion            |     1 |     1 |     5 ||     7
 Stab: Paralysed         |       |       |     5 ||     5
Armor: Scale mail        |    48 |    52 |       ||   100
       Ring mail         |       |       |    76 ||    76
Dodge: Dodged            |    40 |    64 |    66 ||   170
Block: Buckler           |    23 |    32 |    50 ||   105
